 Dungeon Crawl Stone Soup version 0.17-a0-1945-gfe993df (webtiles) character file.

1499 Ordine the Covered (level 8, -1/75 HPs)
             Began as a Gargoyle Wizard on Oct 1, 2015.
             Slain by a killer bee (4 damage)
             ... on level 6 of the Dungeon.
             The game lasted 00:38:42 (6413 turns).

Ordine the Covered (Gargoyle Wizard)                Turns: 6413, Time: 00:38:42

Health: -1/75      AC: 24    Str:  9    XL:     8   Next: 81%
Magic:  0/14       EV:  2    Int: 21    God:
Gold:   112        SH:  0    Dex:  8    Spells: 5 memorised, 4 levels left

rFire  + . .     SeeInvis +     p - +2 short sword (venom)
rCold  . . .     Clarity  .     (armour currently unavailable)
rNeg   + + +     SustAt   .     (no shield)
rPois  ∞         Gourm    .     (helmet currently unavailable)
rElec  .         Spirit   .     (cloak currently unavailable)
rCorr  .         Warding  .     (gloves currently unavailable)
rMut   .         NoTele   +     (boots currently unavailable)
MR     .....                    (no amulet)
Stlth  ++........               C - ring of see invisible
                                B - ring of protection from fire

@: tree-form, not resistant to hostile enchantments, unstealthy
A: (yellow scales 0), negative energy resistance 1, robust 1, (electricity
resistance), weak 1, (unbreathing), petrification resistance, rot immunity, AC
+5
a: no special abilities


You were on level 6 of the Dungeon.
You were not hungry.
You were a tree.
You visited 1 branch of the dungeon, and saw 7 of its levels.

You collected 372 gold pieces.
You spent 260 gold pieces at shops.

Inventory:

Hand weapons
 p - a +2 short sword of venom (weapon)
 t - a +0 quarterstaff
 u - a +1 flail of holy wrath
Armour
 a - a +0 robe (melded)
 n - a +0 pair of gloves (melded)
 o - a +1 helmet (melded)
 x - a +0 shield
 y - a +1 cloak (melded)
 D - a +0 pair of boots (melded)
Jewellery
 k - an uncursed amulet of stasis
 B - a ring of protection from fire (left branch)
 C - a ring of see invisible (right branch)
Magical devices
 h - a wand of digging (5)
 v - a wand of slowing (6)
Scrolls
 g - 5 scrolls of identify
 i - 4 scrolls of amnesia
 s - 6 scrolls of remove curse
 w - 2 scrolls of magic mapping
 z - 2 scrolls of teleportation
Potions
 q - 6 potions of might
 r - a potion of brilliance
Books
 c - a book of Minor Magic

   Spells                             Type                      Level
   a - Magic Dart                     Conjuration                  1
   b - Blink                          Translocation                2
   c - Call Imp                       Summoning                    2
   d - Repel Missiles                 Charms/Air                   2
   e - Slow                           Hexes                        2
   f - Conjure Flame                  Conjuration/Fire             3
   g - Mephitic Cloud                 Conjuration/Poison/Air       3
Miscellaneous
 A - a crystal ball of energy
Comestibles
 d - 9 bread rations
 f - a beef jerky
 j - 4 meat rations
 l - a royal jelly
 m - 22 fruits


   Skills:
 + Level 3.5 Fighting
 - Level 7.0 Armour
 - Level 1.5 Dodging
 - Level 2.1 Stealth
 - Level 5.0 Shields
 - Level 4.4 Spellcasting
 - Level 5.2 Conjurations
   Level 0.8 Summonings
 - Level 0.8 Translocations


You had 4 spell levels left.
You knew the following spells:

 Your Spells              Type           Power        Failure   Level  Hunger
a - Magic Dart            Conj           ####         1%          1    None
b - Mephitic Cloud        Conj/Pois/Air  ##......     21%         3    ##.....
c - Blink                 Tloc           N/A          14%         2    #......
d - Conjure Flame         Conj/Fire      ###.....     14%         3    ##.....
e - Repel Missiles        Chrm/Air       #.....       17%         2    #......


Dungeon Overview and Level Annotations

Branches:
Dungeon (7/15)
 Temple: D:4-7

Altars:
Cheibriados
Elyvilon
Kikubaaqudgha
Nemelex Xobeh
Ru
Sif Muna
Yredelemnul

Shops:
D:6 (}(*


Innate Abilities, Weirdness & Mutations

You are resistant to torment.
((Your stone body is resilient (AC +5).))
You are immune to poison.
You resist negative energy.
((You are resistant to electric shocks.))
((You can survive without breathing.))
You are immune to petrification.
You are immune to rotting.
((You are partially covered in yellow scales (AC +2).))
You are robust (+10% HP).
You are weak. (Str -2)


Message History

The killer bee barely misses you.
The killer bee stings you but does no damage. x3
You miss the killer bee.
The killer bee stings you but does no damage.
The killer bee barely misses you.
The killer bee stings you but does no damage. x2
You miss the killer bee.
The killer bee stings you but does no damage. x4
You hit the killer bee.
The killer bee is poisoned.
The killer bee is moderately wounded.
The killer bee stings you but does no damage. x4
Casting: Magic Dart
Confirm with . or Enter, or press ? or * to list all spells.
Aiming: Magic Dart
Press: ? - help, Shift-Dir - straight line, f - killer bee
Aim: a killer bee (heavily wounded, poisoned)
The magic dart hits the killer bee.
The killer bee is severely wounded.
The killer bee completely misses you. The killer bee stings you.
You die...

################
#........#.....##
#........#.......
##........#.......
#y........#.......
#♣y.......+...)...
######†.......#....)##
#.............#....(##
#.............####.).#
########...........####...#.#
#.....##.....###...##.).###..
#.....##'#######......#######
#..............#...#######...
#..............##### #.....#.


You could see 2 killer bees.

Vanquished Creatures
  A black bear (D:4)
  A phantom (D:6)
  An ogre (D:6)
  An orc warrior (D:6)
  A centaur (D:5)
  2 giant frogs (D:6)
  3 killer bees
  A crimson imp (D:5)
  4 hounds
  A centaur skeleton (D:4)
  A jelly (D:7)
  6 orc wizards (D:6)
  Ijyb (D:3)
  2 iguanas
  A worker ant (D:6)
  Robin (D:2)
  11 gnolls
  4 adders
  An ooze (D:1)
  9 worms
  4 giant geckos
  13 orcs
  4 ball pythons
  2 giant cockroaches
  19 goblins
  10 hobgoblins
  7 jackals
  10 kobolds
  5 quokkas
  10 bats
  A giant cockroach zombie (D:6)
  A giant gecko skeleton (D:4)
  5 giant newts
  8 rats
152 creatures vanquished.

Vanquished Creatures (others)
  A human (D:6)
1 creature vanquished.

Grand Total: 153 creatures vanquished

Notes
Turn   | Place    | Note
--------------------------------------------------------------
     0 | D:1      | Ordine the Gargoyle Wizard began the quest for the Orb.
     0 | D:1      | Reached XP level 1. HP: 10/10 MP: 4/4
   258 | D:1      | Reached XP level 2. HP: 4/15 MP: 0/6
   875 | D:1      | Reached XP level 3. HP: 19/19 MP: 0/7
  1237 | D:2      | Found a white marble altar of Elyvilon.
  1673 | D:2      | Reached XP level 4. HP: 24/24 MP: 5/9
  2188 | D:2      | Noticed Robin
  2273 | D:2      | Killed Robin
  2355 | D:2      | You fall through a shaft!
  2637 | D:2      | Reached skill level 4 in Conjurations
  2777 | D:3      | Reached XP level 5. HP: 28/28 MP: 5/10
  2938 | D:3      | Noticed Ijyb
  2951 | D:3      | Killed Ijyb
  3247 | D:3      | Found a snail-covered altar of Cheibriados.
  3511 | D:4      | Reached skill level 5 in Conjurations
  3517 | D:4      | Reached XP level 6. HP: 20/32 MP: 0/12
  3610 | D:4      | Learned a level 3 spell: Mephitic Cloud
  3613 | D:4      | Learned a level 2 spell: Blink
  3617 | D:4      | Learned a level 3 spell: Conjure Flame
  3620 | D:4      | Learned a level 2 spell: Repel Missiles
  3690 | D:4      | Noticed a black bear
  3701 | D:4      | Killed a black bear
  4242 | D:4      | Found a deep blue altar of Sif Muna.
  4243 | D:4      | Found a sparkling altar of Nemelex Xobeh.
  4246 | D:4      | Found a snail-covered altar of Cheibriados.
  4248 | D:4      | Found a basalt altar of Yredelemnul.
  4256 | D:4      | Found a sacrificial altar of Ru.
  4291 | D:4      | Reached XP level 7. HP: 33/36 MP: 6/13
  4323 | D:5      | Entered Level 5 of the Dungeon
  4401 | D:5      | Found a deep blue altar of Sif Muna.
  5182 | D:5      | Reached skill level 5 in Armour
  5309 | D:6      | Reached skill level 6 in Armour
  5359 | D:6      | Reached XP level 8. HP: 34/41 MP: 0/14
  5459 | D:6      | Found a deep blue altar of Sif Muna.
  5491 | D:6      | Reached skill level 7 in Armour
  5726 | D:6      | Gained mutation: You are partially covered in yellow scales (AC +2). [potion of mutation]
  5726 | D:6      | Gained mutation: You are robust (+10% HP). [potion of mutation]
  5726 | D:6      | Gained mutation: You are weak. (Str -2) [potion of mutation]
  5762 | D:6      | Found an ancient bone altar of Kikubaaqudgha.
  5769 | D:6      | Noticed a human
  5771 | D:6      | Killed a human
  5869 | D:6      | Found Caots's Weapon Boutique.
  5941 | D:6      | Reached skill level 5 in Shields
  6106 | D:6      | Found Wiummoif's General Store.
  6214 | D:6      | Found Duehe's Gadget Boutique.
  6219 | D:6      | Bought a crystal ball of energy for 260 gold pieces
  6220 | D:6      | Found Ruedibb's Antique Weapon Shoppe.
  6302 | D:7      | Reached skill level 1 in Fighting
  6407 | D:6      | HP: 2/75 [killer bee (4)]
  6413 | D:6      | Slain by a killer bee

Vault maps used:
D:1:      minmay_arrival_checkered_box, st_stairs_12, minmay_misc_feat_plants
D:2:      kennysheep_goblin_castle, elyvilon_altar_3, st_stairs_10,
          guppyfry_early_lair_pool
D:3:      cheibriados_altar_wand_db, uniq_iyjb
D:4:      minitemple, cheibrodos_gnoll_hut
D:5:      first_bread, basic_altar
D:6:      kennysheep_orc_sif_temple, serial_shops, kennysheep_mini_moat, shop,
          shop, nicolae_shop_trees, tgw_kikubaaqudgha
D:7:      nicolae_tso_swordbearing_angel, temple_doors_e, serial_shops, shop

Action                   |  1- 3 |  4- 6 |  7- 9 || total
-------------------------+-------+-------+-------++-------
Melee: Short sword       |    16 |    17 |    46 ||    79
       Whip              |    13 |    26 |       ||    39
       Flail             |       |       |    20 ||    20
 Cast: Magic Dart        |    83 |   179 |   151 ||   413
       Mephitic Cloud    |       |     1 |     2 ||     3
  Use: Scroll            |     2 |    10 |     4 ||    16
       Potion            |       |     1 |     3 ||     4
  Eat: Chunk             |     2 |     7 |     7 ||    16
       Fruit             |       |     1 |       ||     1
